 Dungeon Crawl Stone Soup version 0.29-a0-297-g7659ce593d (webtiles) character file.

Game seed: 3953257234165980799

27442 kipponium the Severer (level 13, -8/148 HPs)
             Began as a Demonspawn Berserker on Mar 21, 2022.
             Was a High Priest of Trog.
             Mangled by an orc knight
             ... wielding a +0 great mace
              (33 damage)
             ... on level 2 of the Orcish Mines.
             The game lasted 00:46:33 (15750 turns).

kipponium the Severer (Demonspawn Berserker)       Turns: 15750, Time: 00:46:34

Health: -8/148     AC: 18    Str: 28    XL:     13   Next: 4%
Magic:  13/13      EV:  8    Int:  8    God:    Trog [*****.]
Gold:   1137       SH:  0    Dex: 16    Spells: 12/12 levels left

rFire   . . .      SeeInvis +   J - +2 executioner's axe of the Forsaken Suns {flame, Dex+2}
rCold   . . .      Faith    +   (shield currently unavailable)
rNeg    . . .      Spirit   .   D - +0 plate armour
rPois   .          Reflect  .   K - +2 hat {Will+}
rElec   .          Harm     .   k - scarf {+Inv}
rCorr   .          Rampage  .   l - +2 pair of gloves
Will    +++..                   (no boots)
Stlth   ..........              z - amulet of faith
HPRegen 1.34/turn               p - +6 ring of strength
MPRegen 0.13/turn               e - ring of see invisible

@: berserking, marked, strong-willed, regenerating, very quick
A: claws 1, hooves 2, ignite blood 2, spiny 2, weakness stinger 1
a: Renounce Religion, Evoke Invisibility, Berserk, Trog's Hand, Brothers in Arms


You were on level 2 of the Orcish Mines.
You worshipped Trog.
Trog was extremely pleased with you.
You visited 2 branches of the dungeon, and saw 14 of its levels.
You also visited: Ossuary.

You collected 1417 gold pieces.
You spent 280 gold pieces at shops.

Inventory:

Hand Weapons
 J - the +2 executioner's axe of the Forsaken Suns (weapon) {flame, Dex+2}
   (Trog gifted it to you on level 8 of the Dungeon)

   It burns those it strikes, dealing additional fire damage.
   Big, fiery blades are also staple armaments of hydra-hunters.
   Dex:       It affects your dexterity (+2).
 P - the +4 battleaxe of Sudden Death {flame, rElec Dex-3 Stlth+}
   (Trog gifted it to you on level 10 of the Dungeon)

   It burns those it strikes, dealing additional fire damage.
   Big, fiery blades are also staple armaments of hydra-hunters.
   Dex:       It affects your dexterity (-3).
   rElec:     It insulates you from electricity.
   Stlth:     It makes you more stealthy.
Missiles
 b - 7 curare-tipped darts
 f - 38 poisoned darts (quivered)
 o - 3 throwing nets
 G - 7 atropa-tipped darts
 I - 19 boomerangs
 M - a silver boomerang
 O - 5 javelins
Armour
 k - a scarf of invisibility (worn)
 l - a +2 pair of gloves (worn)
 D - a +0 plate armour (worn)
 K - a +2 hat of willpower (worn)
Jewellery
 a - a ring of poison resistance
 e - a ring of see invisible (right hand)
 p - a +6 ring of strength (left hand)
 z - an amulet of faith (around neck)
 N - a ring of ice
 T - a +6 ring of strength
 U - a +4 ring of protection
Wands
 d - a wand of iceblast (14)
 h - a wand of flame (64)
 s - a wand of mindburst (4)
 v - a wand of paralysis (14)
 w - a wand of polymorph (2)
 R - a wand of digging (7)
 W - a wand of charming (3)
Scrolls
 c - a scroll of teleportation
 j - 5 scrolls of fog
 m - 5 scrolls of enchant armour
 r - 3 scrolls of noise {unknown}
 u - a scroll of acquirement {unknown}
 x - 4 scrolls of blinking
 y - 2 scrolls of immolation
 B - a scroll of brand weapon {unknown}
 E - 3 scrolls of magic mapping {unknown}
 H - a scroll of enchant weapon {unknown}
 Q - 2 scrolls of fear
 S - a scroll of summoning
Potions
 g - a potion of invisibility
 i - a potion of resistance
 n - 4 potions of haste
 q - 10 potions of curing
 t - 6 potions of attraction
 A - a potion of might
 F - 2 potions of ambrosia
 L - a potion of heal wounds
Miscellaneous
 V - a box of beasts (inert)


   Skills:
 * Level 8.7 Fighting
 + Level 17.5 Axes
 - Level 0.7 Throwing
 * Level 7.5 Armour
 - Level 1.7 Dodging


You had 12 spell levels left.
You didn't know any spells.
Your spell library was empty.

Dungeon Overview and Level Annotations

Branches:
Dungeon (12/15)            Temple (0/1) D:5            Lair (0/6) D:9
    Orc (2/2) D:12            Elf (0/3) Orc:2       Ossuary (visited)

Altars:
Dithmenos
Fedhas
Hepliaklqana
Kikubaaqudgha
Nemelex Xobeh
Vehumet
Zin
The Shining One
Beogh

Shops:
D:10 (   D:11 [(   Orc:2 =[=[

Annotations:
D:4 3 runed translucent doors, jmlagarto's ghost, amateur KoEn
D:9 1 runed translucent door, robertstho's ghost, journeyman DgFE


Innate Abilities, Weirdness & Mutations

You have sharp fingernails.
You have hoof-like feet.
Your demonic aura often causes spilled blood to erupt in flames.
You are mostly covered in sharp spines.
You have a small tail.


Message History

Your troll barely misses the orc knight.
Your troll completely misses the orc knight.
Your troll claws the orc knight!
The orc priest hits you but does no damage.
The orc warrior hits you but does no damage.
The orc sorcerer gestures wildly while chanting.
The orc knight unwields a +0 broad axe.
The orc knight wields a +0 arbalest.
The orc knight shoots a bolt.
The bolt hits you but does no damage.
The orc knight is engulfed in blazing flames.
The orc knight roars a battlecry!
The orcs go into a battle-frenzy!
You closely miss the orc priest.
The orc priest is moderately wounded.
Your troll is engulfed in blazing flames.
Your troll bites the orc knight but does no damage.
Your troll claws the orc knight but does no damage.
Your troll claws the orc knight!
The orc priest is struck by your spines.
The orc priest hits you but does no damage.
The orc warrior closely misses you.
The orc knight shoots a bolt.
The bolt hits you!
* * * LOW HITPOINT WARNING * * *
The orc knight is engulfed in blazing flames.
The orc knight unwields a +0 arbalest.
The orc knight wields a +0 great mace.
The orc knight hits your troll with a +0 great mace!
Your troll dies!
Your troll's corpse disappears in a puff of smoke!
The orc knight shouts!
You slash the orc priest! You burn the orc priest.
You kill the orc priest!
Trog accepts your kill.
The orc sorcerer casts a spell.
The orc warrior hits you from afar with a +0 glaive!
* * * LOW HITPOINT WARNING * * *
You are too berserk!
You are too berserk!
An orc warrior comes into view. It is wielding a +0 flail.
The orc knight is engulfed in blazing flames.
The orc knight hits you with a +0 great mace!!
You die...

..#.#...........................<
#.....#..............#...[.....
................................
..........................).....
.......................#..).)...
.........ooooo....#..........#.#
.........o)4o....#..).#)...≈≈≈#
..........#.4.....)[)##..≈≈≈≈≈
...#..####.○@#.∩.#)).###≈≈∩≈≈
..### #).°o.).))..##.≈≈.≈≈
#°oo.○#)))......[.≈)
#.oo..).)#...#.#....
#.o..))..#..........
#..#.................#
##................###
8..................#
........#...........#


You could see 3 orc knights, an orc high priest (strong), an ice devil
(summoned), a rust devil (summoned), an orc sorcerer (strong), 6 orc warriors,
an orc priest (strong) and an orc wizard.

Vanquished Creatures
  Gastronok (D:8)
  An orc warlord (Orc:2)
  Harold (D:11)
  A hydra (D:12)
  A two-headed ogre (D:12)
  Urug (D:11)
  Pikel (D:8)
  An orc knight (Orc:2)
  A deep elf pyromancer (D:12)
  A manticore (D:11)
  2 cyclopes
  Maurice (D:8)
  3 komodo dragons
  A kobold demonologist (D:12)
  A tengu conjurer (D:11)
  Psyche (D:8)
  5 trolls
  A hornet (D:10)
  Prince Ribbit (D:6)
  Sigmund (D:2)
  23 yaks
  3 wyverns
  A vampire (D:7)
  3 wraiths
  Grum (D:11)
  A basilisk (D:12)
  Menkaure (Ossuary)
  5 wargs
  2 acid dragons
  Duvessa (D:7)
  26 orc warriors
  3 black bears
  8 ogres
  2 ice beasts
  4 sky beasts
  2 centaurs
  4 wolves (D:11)
  A lemure (D:8)
  2 phantoms
  Blork the orc (D:6)
  12 kobold brigands
  3 bullfrogs
  2 gnoll sergeants
  3 scorpions
  7 wights
  Dowan (D:7)
  5 howler monkeys
  6 jellies
  3 hounds (D:6)
  13 orc priests
  10 iguanas
  19 orc wizards
  3 mummies (Ossuary)
  Robin (D:2)
  4 adders
  16 gnolls
  3 shadow imps
  A white imp (D:5)
  2 dart slugs
  A worm (D:3)
  84 orcs
  6 endoplasms
  2 giant cockroaches
  2 gnoll zombies (Ossuary)
  15 goblins
  7 hobgoblins
  2 quokkas (D:4)
  8 ball pythons
  3 bats
  A frilled lizard (D:3)
  5 gnoll skeletons (Ossuary)
  2 goblin zombies (Ossuary)
  4 hobgoblin skeletons (Ossuary)
  4 hobgoblin zombies (Ossuary)
  42 kobolds
  7 kobold skeletons (Ossuary)
  4 kobold zombies (Ossuary)
  4 orc skeletons (Ossuary)
  7 orc zombies (Ossuary)
  A rat (D:1)
  5 rat skeletons (Ossuary)
  6 rat zombies (Ossuary)
457 creatures vanquished.

Vanquished Creatures (collateral kills)
  Donald (Orc:2)
  A boulder beetle (D:7)
  2 two-headed ogres
  Joseph (D:8)
  An orc warrior (D:12)
  A kobold brigand (D:8)
  A bullfrog (D:8)
  An orc priest (D:12)
  An orc wizard (Orc:2)
  3 orcs (D:12)
  A kobold (D:8)
14 creatures vanquished.

Vanquished Creatures (others)
  A troll (Orc:2)
  An ogre (Orc:2)
  An orc wizard (Orc:2)
  A plant (D:9)
4 creatures vanquished.

Grand Total: 475 creatures vanquished

Notes
Turn   | Place    | Note
-------+----------+-------------------------------------------
     0 | D:1      | kipponium the Demonspawn Berserker began the quest for the
                  | Orb.
     0 | D:1      | Reached XP level 1. HP: 18/18 MP: 1/1
    15 | D:1      | Found a faded altar of an unknown god.
    74 | D:1      | Reached skill level 3 in Axes
   198 | D:1      | Discovered your monstrous ancestry.
   198 | D:1      | Gained mutation: You have a small tail. [demonic ancestry]
   198 | D:1      | Reached XP level 2. HP: 24/24 MP: 2/2
   956 | D:1      | Reached XP level 3. HP: 23/29 MP: 3/3
  1355 | D:2      | Noticed Sigmund
  1386 | D:2      | Reached skill level 4 in Axes
  1422 | D:2      | Killed Sigmund
  1423 | D:2      | Reached skill level 5 in Axes
  1423 | D:2      | Gained mutation: You have large cloven feet. [demonic
                  | ancestry]
  1423 | D:2      | Reached XP level 4. HP: 35/35 MP: 4/4
  1423 | D:2      | Reached XP level 5. HP: 41/41 MP: 5/5
  1440 | D:2      | Reached ** piety under Trog
  1741 | D:2      | Noticed Robin
  1757 | D:2      | Killed Robin
  1769 | D:2      | Reached skill level 6 in Axes
  2314 | D:3      | Noticed a black bear
  2324 | D:3      | Killed a black bear
  2325 | D:3      | Gained mutation: You have hoof-like feet. [demonic
                  | ancestry]
  2325 | D:3      | Reached XP level 6. HP: 47/47 MP: 6/6
  2679 | D:3      | Found a sparkling altar of Nemelex Xobeh.
  2873 | D:3      | Found an ancient bone altar of Kikubaaqudgha.
  3488 | D:4      | Reached skill level 7 in Axes
  3795 | D:4      | Noticed a sky beast
  3810 | D:4      | Killed a sky beast
  3811 | D:4      | Gained mutation: You are partially covered in sharp spines.
                  | [demonic ancestry]
  3811 | D:4      | Reached XP level 7. HP: 31/52 MP: 7/7
  4050 | D:4      | Found a runed translucent gate.
  4051 | D:4      | Found a runed translucent gate.
  4052 | D:4      | Found a runed translucent gate.
  4053 | D:4      | Noticed jmlagarto's ghost (amateur KoEn)
  4565 | D:5      | Entered Level 5 of the Dungeon
  4771 | D:5      | Reached skill level 8 in Axes
  4914 | D:5      | Reached skill level 9 in Axes
  4914 | D:5      | Gained mutation: Your demonic aura sometimes causes spilled
                  | blood to erupt in flames. [demonic ancestry]
  4914 | D:5      | Reached XP level 8. HP: 40/58 MP: 8/8
  4981 | D:5      | Found a sand-covered staircase.
  4985 | Ossuary  | Entered an ossuary
  4997 | Ossuary  | Reached *** piety under Trog
  5273 | Ossuary  | Reached **** piety under Trog
  5315 | Ossuary  | Noticed Menkaure
  5322 | Ossuary  | Killed Menkaure
  5800 | D:5      | Found a staircase to the Ecumenical Temple.
  5890 | D:5      | Reached skill level 10 in Axes
  6285 | D:6      | Reached skill level 11 in Axes
  6316 | D:6      | Gained mutation: You are mostly covered in sharp spines.
                  | [demonic ancestry]
  6316 | D:6      | Reached XP level 9. HP: 59/63 MP: 9/9
  6330 | D:6      | Noticed Blork the orc
  6341 | D:6      | Killed Blork the orc
  6583 | D:6      | Reached ***** piety under Trog
  6633 | D:6      | Noticed Prince Ribbit
  6653 | D:6      | Killed Prince Ribbit
  6665 | D:6      | Reached skill level 12 in Axes
  7561 | D:7      | Reached skill level 13 in Axes
  7669 | D:7      | Noticed a boulder beetle
  7674 | D:7      | Killed a boulder beetle
  7675 | D:7      | Gained mutation: You have sharp fingernails. [demonic
                  | ancestry]
  7675 | D:7      | Reached XP level 10. HP: 70/70 MP: 10/10
  7838 | D:7      | Noticed Duvessa
  7838 | D:7      | Noticed Dowan
  8489 | D:7      | Killed Duvessa
  8493 | D:7      | Reached skill level 14 in Axes
  8495 | D:7      | Killed Dowan
  8507 | D:7      | Noticed a cyclops
  8793 | D:7      | Killed a cyclops
  8980 | D:8      | Identified the +2 executioner's axe of the Forsaken Suns
                  | {flame, Dex+2} (Trog gifted it to you on level 8 of the
                  | Dungeon)
  8980 | D:8      | Received a gift from Trog
  9048 | D:8      | Noticed Pikel
  9055 | D:8      | Killed Pikel
  9056 | D:8      | Reached skill level 15 in Axes
  9062 | D:8      | Noticed Joseph
  9071 | D:8      | Killed Joseph
  9137 | D:8      | Noticed Gastronok
  9151 | D:8      | Killed Gastronok
  9152 | D:8      | Reached XP level 11. HP: 71/75 MP: 11/11
  9268 | D:8      | Noticed Psyche
  9273 | D:8      | Killed Psyche
  9498 | D:8      | Noticed Maurice
  9500 | D:8      | Killed Maurice
  9501 | D:8      | Reached skill level 16 in Axes
  9806 | D:9      | Found a staircase to the Lair.
 10088 | D:9      | Found a faded altar of an unknown god.
 10090 | D:9      | Found a hazy altar of Hepliaklqana.
 10348 | D:9      | Found a runed translucent door.
 10350 | D:9      | Noticed robertstho's ghost (journeyman DgFE)
 10350 | D:9      | Found the ring of the Mage {Wiz Archmagi}
 10350 | D:9      | Noticed a four-headed hydra
 11151 | D:10     | Entered Level 10 of the Dungeon
 11155 | D:10     | Identified the +4 battleaxe of Sudden Death {flame, rElec
                  | Dex-3 Stlth+} (Trog gifted it to you on level 10 of the
                  | Dungeon)
 11155 | D:10     | Received a gift from Trog
 11256 | D:10     | Found Gett's Weapon Shop.
 11591 | D:10     | Identified the +0 ring mail "Xinycsen" {rC+}
 11745 | D:10     | Found a blossoming altar of Fedhas.
 11745 | D:10     | Found a shadowy altar of Dithmenos.
 11832 | D:10     | Reached skill level 5 in Fighting
 12024 | D:10     | Found a radiant altar of Vehumet.
 12191 | D:11     | Noticed a two-headed ogre
 12191 | D:11     | Noticed a green ugly thing
 12464 | D:11     | HP: 4/80 [orc warrior/+0 glaive (12)]
 12468 | D:11     | HP: 1/120 [orc warrior/+0 glaive (4)]
 13091 | D:11     | Noticed Grum
 13101 | D:11     | Reached XP level 12. HP: 85/87 MP: 12/12
 13103 | D:11     | Killed Grum
 13106 | D:11     | Reached skill level 5 in Armour
 13181 | D:11     | Noticed a two-headed ogre
 13182 | D:11     | Noticed Urug
 13188 | D:11     | Killed a two-headed ogre
 13190 | D:11     | Noticed Harold
 13191 | D:11     | Killed Urug
 13203 | D:11     | Killed Harold
 13331 | D:11     | Found Cijiuz's Antique Armour Shop.
 13496 | D:11     | Found Zeacuisa's Weapon Shop.
 13644 | D:12     | Noticed a seven-headed hydra
 13655 | D:12     | Killed a five-headed hydra
 13679 | D:12     | Reached skill level 17 in Axes
 13802 | D:12     | Noticed a two-headed ogre
 13812 | D:12     | Killed a two-headed ogre
 14027 | D:12     | Identified the +6 battleaxe "Opheor" {vorpal, Str+4} (Trog
                  | gifted it to you on level 12 of the Dungeon)
 14027 | D:12     | Received a gift from Trog
 14542 | D:12     | Noticed a two-headed ogre
 14549 | D:12     | Killed a two-headed ogre
 14721 | D:12     | Found a staircase to the Orcish Mines.
 14883 | Orc:1    | Entered Level 1 of the Orcish Mines
 15124 | Orc:2    | Entered Level 2 of the Orcish Mines
 15322 | Orc:2    | Noticed Donald
 15441 | Orc:2    | Found Plog's Antique Armour Emporium.
 15480 | Orc:2    | Found Dups's Jewellery Boutique.
 15487 | Orc:2    | Killed Donald
 15521 | Orc:2    | Found Titeal Pim's Armour Shop.
 15524 | Orc:2    | Noticed an orc warlord
 15539 | Orc:2    | Killed an orc warlord
 15540 | Orc:2    | Gained mutation: Your demonic aura often causes spilled
                  | blood to erupt in flames. [demonic ancestry]
 15540 | Orc:2    | Reached XP level 13. HP: 65/99 MP: 13/13
 15701 | Orc:2    | Bought a ring of poison resistance for 280 gold pieces
 15713 | Orc:2    | Found a staircase to the Elven Halls.
 15715 | Orc:2    | Found Imiyha's Jewellery Shoppe.
 15750 | Orc:2    | Mangled by an orc knight

Illustrated notes

Levels and vault maps discovered:
D:1:      sevenhm_arrival_forest_fort_small_3, layout_basic,
          basic_ecumenical_altar
D:2:      layout_basic, uniq_robin, uniq_sigmund
D:3:      layout_basic, mainiacjoe_overflow_alcove_1, lemuel_doored_altar
D:4:      layout_cave_pods, marbit_many_paths, biasface_ghost_orc_armoury
D:5:      layout_loops_ring, minmay_temple_entry_enclosed_plants,
          nicolae_ossuary_entry_plus
D:6:      layout_cave_pools, minmay_diced_spiral, uniq_menkaure,
          uniq_prince_ribbit1, uniq_blork_the_orc
D:7:      wad_guarded_room, layout_loops_ring, minivault_23, uniq_duvessa
D:8:      layout_gridville, special_room [special_room_orc], uniq_joseph,
          uniq_pikel, uniq_maurice, uniq_psyche, uniq_gastronok
D:9:      layout_basic, beargit_hepliaklqana_dungeon_heroes, lemuel_round_altar,
          erik_lair_orcish_takeover, ebering_ghost_inner_flame
D:10:     layout_small_grid, nicolae_vehumet_radiance,
          gammafunk_temple_overflow_pools, serial_shops,
          nicolae_shop_bloodbath_and_beyond
D:11:     layout_rooms, serial_shops, shop, nicolae_shop_advertising_works
          [nicolae_subvault_shop_adworks], hellmonk_bongcloud_opening,
          uniq_urug, uniq_grum, uniq_harold
D:12:     layout_cave_pools, david_orc_4
Orc:1:    layout_caves, mines1_david
Orc:2:    grunt_orc_cross, layout_caves, serial_shops, nicolae_shop_waterfront,
          shop, nicolae_shop_stone, nicolae_shop_hallway_plus,
          nicolae_square_shop, uniq_donald

Skill      XL: |  1  2  3  4  5  6  7  8  9 10 11 12 |
---------------+-------------------------------------+-----
Axes           | 3 5 6 7 9 11 13 15 16 17 | 17.5
Armour         | 4 7 |  7.5
Fighting       | 5 8 |  8.7
Throwing       | |  0.7
Dodging        | |  1.7

Action                   |  1- 3 |  4- 6 |  7- 9 | 10-12 | 13-15 || total
-------------------------+-------+-------+-------+-------+-------++-------
Melee: Hand axe          |    48 |   110 |   193 |       |       ||   351
       Tailslap          |     6 |     6 |    33 |    35 |       ||    80
       Kick              |       |    37 |    85 |   106 |     4 ||   232
       Punch             |       |     1 |     3 |       |       ||     4
       War axe           |       |       |    82 |    59 |       ||   141
       Executioner's axe |       |       |       |   288 |    16 ||   304
Throw: Dart              |       |     5 |    27 |    27 |     6 ||    65
       Throwing net      |       |       |       |     2 |     1 ||     3
       Javelin           |       |       |       |       |     1 ||     1
Invok: Berserk           |     2 |     4 |     8 |     9 |     1 ||    24
       Brothers in Arms  |       |       |     1 |     4 |     1 ||     6
       Trog's Hand       |       |       |       |     2 |     1 ||     3
Evoke: Wand              |       |       |     1 |    20 |       ||    21
       Box of beasts     |       |       |       |     1 |       ||     1
  Use: Scroll            |       |       |    12 |     6 |       ||    18
       Potion            |       |       |     3 |       |     1 ||     4
 Stab: Sleeping          |     1 |       |       |       |       ||     1
Armor: Animal skin       |    13 |    24 |    40 |       |       ||    77
       Skin              |       |       |    25 |       |       ||    25
       Plate armour      |       |       |    15 |   169 |     6 ||   190
Dodge: Dodged            |    25 |    51 |    80 |   115 |     5 ||   276

Table legend: (Time is in decaauts)
 A = Elapsed time spent in this place.
 B = Non-inter-level travel time spent in this place.
 C = Inter-level travel time spent in this place.
 D = Time resting spent in this place.
 E = Time spent auto-exploring this place.
 F = Levels seen in this place.
 G = Mean time per level.
                   A        B        C        D        E       F      G
               +--------+--------+--------+--------+--------+-----+--------+
         Total |  15970 |  15444 |    526 |   5471 |   6817 |  15 | 1064.7 |
       Dungeon |  14584 |  14078 |    506 |   4998 |   6466 |  12 | 1215.3 |
  Orcish Mines |    870 |    851 |     19 |    286 |    260 |   2 |  435.0 |
       Ossuary |    515 |    515 |      0 |    187 |     90 |   1 |  515.0 |
               +--------+--------+--------+--------+--------+-----+--------+

Top non-repeatable levels by time:
     D:4: 1716 daAuts
     D:7: 1597 daAuts
     D:9: 1530 daAuts
    D:11: 1326 daAuts
    D:12: 1251 daAuts
     D:6: 1242 daAuts
    D:10: 1219 daAuts
     D:1: 1103 daAuts
     D:2: 1077 daAuts
     D:5: 922 daAuts
     D:3: 915 daAuts
     D:8: 681 daAuts
 Ossuary: 515 daAuts
   Orc:1: 458 daAuts
   Orc:2: 411 daAuts
